Map: 이페머론 - 래더

Players

Has

  • Race: Protoss Protoss
  • Spawn Location: 5:00

Dark - Winner!

  • Race: Zerg Zerg
  • Spawn Location: 11:00

Event: IEM Katowice 2020

VOD

Have the link to the VOD?

Description

Time

  • Played on: Feb. 27, 2020, 7:42 a.m.
  • Length: 4:54

All games in this series

Show
View Real Time Build Order
Export as new Build Order

Has Protoss 

Build Orders:  

Get SALT Encoding   

  12  0:01  Probe  
  13  0:13  Probe  
  14  0:20  Pylon  
  14  0:25  Probe (Chrono Boost)  
  15  0:38  Gateway  
  15  0:39  Probe (Chrono Boost)  
  16  0:43  Assimilator  
  16  0:46  Probe (Chrono Boost)  
  17  0:53  Probe  
  18  1:05  Probe  
  18  1:09  Forge  
  19  1:17  Probe  
  20  1:29  Probe  
  20  1:30  Pylon  
  21  1:38  Pylon  
  21  1:40  Pylon  
  21  1:48  Photon Cannon  
  21  1:50  Cybernetics Core  
  21  1:59  Photon Cannon  
  21  2:02  Probe  
  22  2:09  Assimilator  
  23  2:26  Adept (Chrono Boost)  
  23  2:28  Stargate  
  25  2:41  Nexus  
  25  2:51  Adept (Chrono Boost)  
  26  3:10  Void Ray (Chrono Boost)  
  30  3:18  Pylon  
  30  3:31  Photon Cannon  
  30  3:36  Pylon  
  34  3:59  Shield Battery  
  34  4:00  Shield Battery  
  33  4:05  Shield Battery  
  33  4:14  Pylon  
  33  4:21  Pylon  
  33  4:29  Pylon  
  28  4:34  Probe x2  
Show
View Real Time Build Order
Export as new Build Order

Dark Zerg - Winner!

Build Orders: Hatch First, Ravager All-In 

Get SALT Encoding   

  12  0:00  Drone  
  13  0:12  Overlord  
  13  0:17  Drone  
  14  0:31  Drone x2  
  16  0:48  Hatchery  
  15  0:52  Drone  
  15  0:55  Drone  
  17  0:58  Drone  
  18  1:09  Extractor  
  17  1:14  Spawning Pool  
  17  1:17  Drone  
  17  1:21  Drone  
  18  1:28  Drone  
  19  1:43  Drone  
  20  1:59  Extractor  
  19  2:02  Zergling x2, Queen  
  19  2:03  Queen  
  19  2:06  Drone, Roach Warren  
  24  2:09  Drone  
  25  2:17  Drone  
  26  2:23  Overlord  
  26  2:26  Overlord  
  26  2:46  Roach x3  
  26  2:50  Overlord  
  31  2:59  Roach  
  31  3:01  Roach  
  35  3:09  Ravager  
  36  3:15  Roach, Overlord  
  36  3:17  Ravager  
  36  3:19  Ravager  
  40  3:26  Zergling x2  
  40  3:27  Zergling x2  
  42  3:30  Ravager  
  42  3:32  Zergling x2  
  44  3:41  Zergling x2  
  44  3:42  Zergling x2  
  46  3:51  Ravager  
  48  3:55  Zergling x2, Queen  
  50  4:06  Zergling x2  
  51  4:21  Ravager  

Tags
 
Add a new tag
Caveats
  • Supply blocks, unpowered buildings, or Contaminate may cause inaccurate times.
  • Supply counts are checked every 10 seconds.